 Dungeon Crawl Stone Soup version 0.24-a0-537-g2d01d4ab0a (webtiles) character file.

Game seed: 8928806054053818830

31 Gynju the Sneak (level 3, -6/16 HPs)
             Began as a Spriggan Enchanter on Aug 13, 2019.
             Mangled by Sigmund
             ... wielding a +6 scythe of slicing
              (12 damage)
             ... on level 2 of the Dungeon.
             The game lasted 00:04:06 (3046 turns).

Gynju the Sneak (Spriggan Enchanter)                Turns: 3046, Time: 00:04:06

Health: -6/16      AC:  2    Str:  4    XL:     3   Next: 7%
Magic:  2/8        EV: 18    Int: 17    God:
Gold:   67         SH:  0    Dex: 16    Spells: 5/8 levels left

rFire    . . .     SeeInvis +   a - +1 dagger
rCold    . . .     Gourm    .   (shield restricted)
rNeg     . . .     Faith    .   b - +0 robe
rPois    .         Spirit   .   (helmet restricted)
rElec    .         Reflect  .   (no cloak)
rCorr    .         Harm     .   (gloves unavailable)
MR       .....                  (boots unavailable)
Stlth    +++.......             (no amulet)
HPRegen  0.05/turn              (no ring)
MPRegen  0.11/turn              (no ring)

@: very quick
A: very small, unfitting armour, see invisible, herbivore, speed 3, slow
metabolism 2
a: no special abilities


You were on level 2 of the Dungeon.
You were very hungry.

You visited 1 branch of the dungeon, and saw 2 of its levels.

You collected 67 gold pieces.

Inventory:

Hand Weapons
 a - a +1 dagger (weapon)
Armour
 b - a +0 robe (worn)
Jewellery
 k - an uncursed ring of see invisible {unknown}
Scrolls
 c - 2 scrolls of enchant armour {unknown}
 e - 2 scrolls of blinking {unknown}
 g - a scroll of amnesia {unknown}
 h - a scroll of teleportation {unknown}
 l - a scroll of random uselessness {unknown}
Potions
 f - 2 potions of ambrosia {unknown}
 i - a potion of heal wounds {unknown}
 j - a potion of resistance {unknown}
Comestibles
 d - 2 rations


   Skills:
 - Level 1.1 Short Blades
 - Level 3.0 Dodging
 + Level 5.2 Stealth
 + Level 3.4 Spellcasting
 + Level 4.2 Hexes


You had 5 spell levels left.
You knew the following spells:

 Your Spells              Type           Power        Failure   Level  Hunger
a - Corona                Hex            ###....      3%          1    None
b - Ensorcelled Hibernat  Hex/Ice        ##....       11%         2    ##.....

Your spell library contained the following spells:

 Spells                   Type           Power        Failure   Level  Hunger
 Confuse                  Hex            ###.....     9%          3    ###....
 Tukima's Dance           Hex            ###.....     9%          3    ###....
 Dazzling Spray           Conj/Hex       ##....       22%         3    ###....


Dungeon Overview and Level Annotations

Branches:
Dungeon (2/15)

Altars:

Annotations:
D:2 Sigmund


Innate Abilities, Weirdness & Mutations

You are very small and have problems with some larger weapons.
You are too small for most types of armour.
You have supernaturally acute eyesight. (SInv)
You are a herbivore.
You cover ground extremely quickly.
You need to consume almost no food.


Message History

Aiming: Ensorcelled Hibernation (safe; 11% risk of failure)
Press: ? - help, Shift-Dir - straight line, f/p - Sigmund
Aim: Sigmund, wielding a +6 scythe of slicing and wearing a +0 robe (chance to defeat MR: 50%) Sigmund looks drowsy...
The helpless Sigmund fails to defend himself.
You impale Sigmund!!
Sigmund is severely wounded.
Sigmund gestures at you while chanting. The puff of flame hits you.
Casting: Ensorcelled Hibernation (safe; 11% risk of failure)
Confirm with . or Enter, or press ? or * to list all spells.
Aiming: Ensorcelled Hibernation (safe; 11% risk of failure)
Press: ? - help, Shift-Dir - straight line, f - you, p - Sigmund That would be overly suicidal.
Okay, then.
You hit Sigmund.
Sigmund is severely wounded.
Sigmund hits you with a +6 scythe of slicing!
Ouch! That really hurt!
You die...

. .## ######### ..#
#.......# #.#
#.......# #.#
#.......# #.#
#$......#
##.####....(..#
#)..#(.@......#
#...#.#.@.....#
#.#.#.#########
####.#...#
#....###.######
#.###.........#
#..(#.........#
#########.#..#..###.#
..................# #


You could see Sigmund.

Vanquished Creatures
  A dart slug (D:1)
  An orc (D:2)
  3 giant cockroaches
  A goblin (D:2)
  4 hobgoblins (D:1)
  2 jackals (D:1)
  5 kobolds
  A quokka (D:2)
  A ball python (D:1)
  2 bats (D:1)
  A frilled lizard (D:1)
  3 rats
25 creatures vanquished.

Notes
Turn   | Place    | Note
-------+----------+-------------------------------------------
     0 | D:1      | Gynju the Spriggan Enchanter began the quest for the Orb.
     0 | D:1      | Reached XP level 1. HP: 9/9 MP: 5/5
   729 | D:1      | Reached XP level 2. HP: 7/13 MP: 7/7
   733 | D:1      | Learned a level 2 spell: Ensorcelled Hibernation
  1710 | D:1      | Reached skill level 5 in Stealth
  2504 | D:2      | Reached XP level 3. HP: 1/16 MP: 3/8
  2936 | D:2      | Noticed Sigmund
  3046 | D:2      | Mangled by Sigmund

Levels and vault maps discovered:
D:1:      shiori_arrival_elements, layout_basic
D:2:      layout_loops_cross, okawaru_altar_gauntlet_db,
          grunt_gozag_breadcrumbs, minmay_pentomino_v2, uniq_sigmund

Skill      XL: |  1  2 |
---------------+-------+-----
Spellcasting   | 3 |  3.4
Hexes          | 4 |  4.2
Stealth        | 5 |  5.2
Short Blades   | |  1.1
Dodging        | |  3.0

Action                   || total
-------------------------++-------
Melee: Dagger            ||   110
 Cast: Ensorcelled Hiber ||    22
 Stab: Sleeping          ||    14
       Distracted        ||     1
Armor: Robe              ||    23
Dodge: Dodged            ||   106

Table legend:
 A = Non-vault XP
 B = Vault XP
 C = Vault XP percentage of total XP
 D = Non-vault monster count
 E = Vault monster count
 F = Vault count percentage of total count
                 A         B        C        D         E       F
            +---------+---------+-------+---------+---------+-------
      Total |      42 |       3 |   6.7 |      24 |       1 |   4.0
            +---------+---------+-------+---------+---------+-------
        D:1 |      33 |       0 |   0.0 |      19 |       0 |   0.0
        D:2 |       9 |       3 |  25.0 |       5 |       1 |  16.7
            +---------+---------+-------+---------+---------+-------
